 Dungeon Crawl Stone Soup version 0.30-a0-371-gad7725a93e (webtiles) character file.

Game seed: 16405304776588218568

119306 Shayle the Warrior (level 16, -4/166 HPs)
             Began as a Naga Reaver on Nov 21, 2022.
             Was a Believer of Ashenzari.
             Slain by a redback (12 damage)
             ... summoned by a broodmother
             ... on level 1 of the Spider Nest on Nov 22, 2022.
             The game lasted 03:05:24 (43286 turns).

Shayle the Warrior (Naga Reaver)                   Turns: 43286, Time: 03:05:24

Health: -4/166     AC: 26    Str: 16    XL:     16   Next: 79%
Magic:  5/28       EV:  9    Int: 20    God:    Ashenzari [**....]
Gold:   2558       SH: 13    Dex:  8    Spells: 6/32 levels left

rFire   + . .      SeeInvis +    w - +4 flail (protect)
rCold   + . .      Faith    .    i - +0 kite shield
rNeg    . . .      Spirit   .    B - +2 ring mail {rC+}
rPois   +          Reflect  +    (no helmet)
rElec   +          Harm     .    f - +2 cloak "Ensconced Visionary" {Comp, Cun} (curse)
rCorr   .          Rampage  .    (no gloves)
Will    +++..                    (no barding)
Stlth   +++.......               D - amulet of reflection
HPRegen 0.47/turn                J - ring of the Ensconced Shame {rElec Will+ AC+4, Cun, Alch} (curse)
MPRegen 0.21/turn                v - ring "Tethered With Me" {rF+, Self, Elem} (curse)

@: under a protective aura, on berserk cooldown, slowed, very slow
A: AC +5, large, see invisible, deformed body, poison resistance, slowness 2,
spit poison 1, naga tail 2, clumsy 1
a: Spit Poison, Renounce Religion, Curse Item, Shatter the Chains


You were on level 1 of the Spider Nest.
You worshipped Ashenzari.
Ashenzari was pleased with you.
You visited 6 branches of the dungeon, and saw 26 of its levels.
You also visited: Sewer, Bailey and Ice Cave.

You collected 2663 gold pieces.
You spent 105 gold pieces at shops.

Inventory:

Hand Weapons
 a - a +0 hand axe of flaming
 c - a +2 vorpal war axe
 d - a +2 whip of distortion
 t - a +1 vampiric lajatang
 w - a +4 flail of protection (weapon)
 H - the +2 short sword of Impatience {speed, rElec Dex+3}
   (You found it on level 11 of the Dungeon)

   Attacks with this weapon are significantly faster.
   Dex:       It affects your dexterity (+3).
   rElec:     It insulates you from electricity.
Armour
 f - the cursed +2 cloak "Ensconced Visionary" (worn) {Comp, Cun}
   (You found it on level 1 of the Dungeon)

   It has a curse which improves the following skills: Companions: Summonings
   and Necromancy.
   Cunning:   Dodging and Stealth.
 i - a +0 kite shield (worn)
 B - a +2 ring mail of cold resistance (worn)
Jewellery
 v - the cursed ring "Tethered With Me" (right hand) {rF+, Self, Elem}
   (You found it on level 6 of the Dungeon)

   [ring of protection from fire]

   rF:        It protects you from fire.
   It has a curse which improves the following skills: Introspection: Fighting
   and Spellcasting.
   Elements:  Fire Magic, Ice Magic, Air Magic and Earth Magic.
 C - the ring of the Twisting Gods {rC+ Int+4}
   (You found it in an ice cave)

   [ring of protection from cold]

   Int:       It affects your intelligence (+4).
   rC:        It protects you from cold.
 D - an amulet of reflection (around neck)
 J - the cursed ring of the Ensconced Shame (left hand) {rElec Will+ AC+4, Cun, Alch}
   (You found it on level 11 of the Dungeon)

   [ring of protection]

   AC:        It affects your AC (+4).
   rElec:     It insulates you from electricity.
   Will:      It increases your willpower.
   It has a curse which improves the following skills: Cunning: Dodging and
   Stealth.
   Alchemy:   Poison Magic and Transmutations.
 O - a ring of resist corrosion
Wands
 l - a wand of digging (4)
 y - a wand of flame (11)
 z - a wand of paralysis (9)
 Q - a wand of polymorph (3)
Scrolls
 b - 2 scrolls of fog
 g - 8 scrolls of poison
 h - 3 scrolls of amnesia
 j - a scroll of torment
 m - 10 scrolls of teleportation
 n - 6 scrolls of magic mapping
 p - 3 scrolls of vulnerability
 q - 3 scrolls of silence
 F - 4 scrolls of enchant weapon
 P - 2 scrolls of immolation
 R - 2 scrolls of enchant armour
Potions
 e - 6 potions of mutation
 k - 2 potions of flight
 o - 3 potions of haste
 r - a potion of brilliance
 u - 2 potions of curing
 x - 2 potions of attraction
 A - a potion of resistance
 I - a potion of invisibility
 K - 4 potions of lignification
 S - a potion of cancellation


   Skills:
 - Level 15.6(16.7) Fighting
 - Level 3.0 Axes
 - Level 8.2 Armour
 + Level 7.6(9.6) Dodging
 - Level 5.5(7.4) Stealth
 + Level 5.3 Shields
 + Level 7.5(8.8) Spellcasting
 - Level 6.0 Conjurations
 - Level 10.0(11.2) Necromancy
 * Level 14.3(15.5) Fire Magic
 - Level 5.0(6.2) Ice Magic
 - Level 7.7(9.0) Air Magic
 - Level 8.0(9.3) Earth Magic


You had 6 spell levels left.
You knew the following spells:

 Your Spells              Type           Power      Damage    Failure   Level
a - Kiss of Death         Conj/Necr      100%       2d13      1%          1
b - Hailstorm             Conj/Ice       33%        3d8       7%          3
c - Sticky Flame          Conj/Fire      51%        2d7       3%          4
d - Arcjolt               Conj/Air       19%        1d29      36%         5
e - Freezing Cloud        Conj/Ice/Air   18%        6-21      41%         5
f - Borgnjor's Vile Clut  Necr/Erth      24%        N/A       12%         5
g - Kindle Blastsparks    Fire/Tloc/Air  82%        2d16      3%          3

Your spell library contained the following spells:

 Spells                   Type           Power      Damage    Failure   Level
 Foxfire                  Conj/Fire      100%       2x1d9     1%          1
 Magic Dart               Conj           100%       1d8       2%          1
 Searing Ray              Conj           66%        2d6       3%          2
 Inner Flame              Hex/Fire       39%        N/A       3%          3
 Animate Dead             Necr           52%        N/A       3%          4
 Ignite Poison            Fire/Tmut/Pois 29%        N/A       11%         3
 Mephitic Cloud           Conj/Pois/Air  29%        N/A       11%         3
 Momentum Strike          Conj/Tloc      40%        3d9       13%         2
 Lee's Rapid Deconstruct  Erth           23%        3d13*     19%         5
 Summon Small Mammal      Summ           36%        N/A       28%         1
 Apportation              Tloc           16%        N/A       30%         1
 Call Imp                 Summ           9%         N/A       38%         2
 Leda's Liquefaction      Hex/Erth       13%        N/A       41%         4
 Death Channel            Necr           26%        N/A       41%         6
 Call Canine Familiar     Summ           9%         N/A       63%         3
 Summon Guardian Golem    Hex/Summ       9%         N/A       65%         3
 Tukima's Dance           Hex            8%         N/A       65%         3
 Fulminant Prism          Conj/Hex       10%        3d9       65%         4
 Iskenderun's Mystic Bla  Conj/Tloc      20%        2d6       65%         4
 Cause Fear               Hex            4%         N/A       96%         4
 Manifold Assault         Tloc           8%         N/A       96%         4
 Passage of Golubria      Tloc           8%         N/A       96%         4
 Alistair's Intoxication  Tmut/Pois      6%         N/A       100%        5
 Yara's Violent Unravell  Hex/Tmut       4%         3d4       100%        5
 Dispersal                Tloc           4%         N/A       100%        6
 Statue Form              Tmut/Erth      18%        N/A       100%        6
 Ignition                 Fire           31%        3d10      98%         8
 Discord                  Hex            4%         N/A       100%        8
 Disjunction              Tloc           4%         N/A       100%        8
 Fire Storm               Conj/Fire      25%        8d7       100%        9


Dungeon Overview and Level Annotations

Branches:
Dungeon (15/15)            Temple (1/1) D:4            Lair (5/5) D:11
  Swamp (1/4) Lair:3       Spider (2/4) Lair:3        Slime (0/5) Lair:5
    Orc (2/2) D:12            Elf (0/3) Orc:2        Vaults (0/5) D:13
 Depths (0/4) D:15          Sewer (visited)          Bailey (visited)
  IceCv (visited)

Altars:
Ashenzari
Cheibriados
Dithmenos
Elyvilon
Fedhas
Gozag
Hepliaklqana
Kikubaaqudgha
Makhleb
Nemelex Xobeh
Okawaru
Qazlal
Ru
Sif Muna
Trog
Uskayaw
Vehumet
Wu Jian
Xom
Yredelemnul
Zin
The Shining One
Jiyva
Lugonu

Shops:
D:5 (   D:10 *   D:15 (   Orc:2 [(**

Portals:
Abyss: Lair:5

Annotations:
D:12 2 transporters
Lair:5 1 runed translucent door, olddryhag's ghost, journeyman DsGl


Innate Abilities, Weirdness & Mutations

Your serpentine skin is tough. (AC +5)
You have supernaturally acute eyesight. (SInv)
Armour fits poorly on your strangely shaped body.
Your system is resistant to poisons. (rPois)
You cover ground very slowly.
You can spit poison.
You can use your snake-like lower body to constrict enemies.
You are clumsy. (Dex -2)


Message History

You sock the broodmother!
The broodmother is heavily wounded.
The culicivora bites you but does no damage.
You block the wolf spider's attack.
The wolf spider bites you but does no damage.
The culicivora bites you but does no damage.
The broodmother summons spiders!
The culicivora bites you but does no damage.
The jumping spider leaps!
The redback bites you but does no damage.
Unknown command.
You sock the broodmother!
The broodmother is heavily wounded.
The jumping spider disappears in a puff of smoke!
The culicivora bites you but does no damage.
You block the culicivora's attack.
The wolf spider hits you but does no damage.
The wolf spider bites you but does no damage.
The redback bites you but does no damage.
The culicivora bites you but does no damage.
The broodmother bites you!!
* * * LOW HITPOINT WARNING * * *
The broodmother is healed somewhat.
The wolf spider barely misses you. You block the wolf spider's attack.
You block the culicivora's attack.
You bludgeon the broodmother!!
The broodmother is heavily wounded.
You are no longer berserk.
You are exhausted.
You feel yourself slow down.
The culicivora bites you but does no damage.
You block the redback's attack.
The jumping spider leaps!
You block the jumping spider's attack. The jumping spider barely misses you.
The wolf spider hits you but does no damage.
The wolf spider bites you but does no damage.
The broodmother closely misses you. The culicivora closely misses you.
The culicivora bites you.
* * * LOW HITPOINT WARNING * * *
The culicivora draws strength from your injuries!
The redback bites you!
You die...

.>#.....###.......~#≈~.......##
.#.........#...#~..≈≈≈≈÷....#..##
...#........^....~~~≈≈#~...#....#
...>....#.......#≈≈≈#≈≈≈#........
......#.....#.#..~≈≈≈≈~≈.........
s............s...s≈≈≈~#..........
.[.............s.°~~~≈..........#
......#^.......sss~≈≈#..#.....#.#
..#y..........ss@s~≈≈#..#....####
...s........#..ss~~~#≈#.....##
.s.........(....○~~~≈≈~######
...y.#......##^...~~~≈## ^ ,
..,......[~.#~≈ . #
...........≈≈≈ * .
#..#........~≈≈ ~ .
#.....s.~.~~≈≈ ~ . ..#~


You could see a broodmother, a wolf spider, 2 orb spiders, 4 culicivoras, 2
jumping spiders and 2 redbacks.

Vanquished Creatures
  Agnes (D:15)
  2 azure jellies (IceCv)
  An emperor scorpion (D:15)
  An ironbound preserver (D:13)
  A quicksilver ooze (IceCv)
  2 orc warlords
  A dire elephant (D:15)
  A bunyip (Swamp:1)
  A spark wasp (Spider:1)
  Josephine (Lair:4)
  An entropy weaver (Lair:3)
  Fannar (Lair:3)
  5 hydras
  Erolcha (D:13)
  An ogre mage (D:15)
  7 boulder beetles
  5 death yaks
  A catoblepas (Lair:5)
  9 two-headed ogres
  3 centaur warriors
  Urug (D:13)
  An orc high priest (Orc:2)
  3 tengu warriors
  2 thrashing horrors (Lair:5)
  A sun moth (Spider:2)
  2 steelbarb worms (Lair:3)
  A wizard (D:14)
  3 orc knights
  An orc sorcerer (Orc:1)
  2 wolf spiders
  4 deep elf pyromancers
  5 cyclopes
  16 ugly things
  An oklob plant (Lair:4)
  A manticore (D:15)
  5 elephants (Lair:2)
  7 black mambas
  A naga mage (D:15)
  15 cane toads
  2 smoke demons (Lair:5)
  2 ice statues (IceCv)
  3 torpor snails
  2 gargoyles
  A demonic crawler (Lair:3)
  2 freezing wraiths (D:14)
  2 unseen horrors
  14 komodo dragons
  3 rime drakes
  A tengu conjurer (D:13)
  2 polar bears
  2 ice devils (Lair:2)
  5 trolls
  A tyrant leech (Swamp:1)
  A bloated husk (Swamp:1)
  An ancient zyme (Lair:5)
  10 hornets
  40 blink frogs
  25 slime creatures
  4 tarantellas
  10 dream sheep
  7 jumping spiders
  3 shadows
  6 wyverns
  2 vampires
  7 basilisks
  Eustachio (D:4)
  4 culicivoras
  41 yaks
  6 wraiths
  A steam dragon (D:9)
  9 vampire mosquitoes
  12 redbacks
  4 chaos spawn (Lair:5)
  7 wargs
  6 large abominations (Lair:5)
  Edmund (D:4)
  3 acid dragons
  12 water moccasins
  2 ice beasts
  4 black bears
  3 great orb of eyes simulacra (IceCv)
  40 orc warriors
  5 boggarts (D:15)
  11 centaurs
  15 ogres
  19 wolves
  4 slime creature simulacra (IceCv)
  14 bullfrogs
  3 kobold brigands
  4 glowing shapeshifter simulacra (IceCv)
  2 scorpions
  10 killer bees
  5 electric eels
  8 howler monkeys
  4 crimson imps (D:8)
  2 jellies (Lair:5)
  11 small abominations (Lair:5)
  24 orc priests
  7 hounds
  6 iguanas
  A gnoll bouda (D:6)
  34 orc wizards
  10 hell rats (Lair:1)
  5 shapeshifter simulacra (IceCv)
  11 adders
  9 gnolls
  18 river rats
  A white imp (D:5)
  2 ufetubi
  4 worms
  4 dart slugs
  113 orcs
  9 bats
  12 endoplasms
  4 giant cockroaches
  12 goblins
  7 hobgoblins
  4 jackals (D:1)
  22 kobolds
  13 quokkas
  17 ball pythons
  9 frilled lizards
  40 rats
  2 bushes (Lair:4)
949 creatures vanquished.

Vanquished Creatures (collateral kills)
  A bullfrog (Lair:1)
1 creature vanquished.

Vanquished Creatures (others)
  A death yak (Lair:5)
  A bog body (Swamp:1)
  A deep elf pyromancer (D:14)
  A bloated husk (Swamp:1)
  4 vampire mosquitoes (Swamp:1)
  A swamp worm (Swamp:1)
  An orc wizard (D:6)
  An orc (Bailey)
  44 bushes (Lair:5)
  69 fungi
  79 plants
203 creatures vanquished.

Grand Total: 1153 creatures vanquished

Notes
Turn   | Place    | Note
-------+----------+-------------------------------------------
     0 | D:1      | Shayle the Naga Reaver began the quest for the Orb.
     0 | D:1      | Reached XP level 1. HP: 19/19 MP: 3/3
    86 | D:1      | Reached XP level 2. HP: 20/27 MP: 5/5
   463 | D:1      | Reached XP level 3. HP: 32/33 MP: 6/6
   918 | D:2      | Learned a level 3 spell: Hailstorm
  1061 | D:2      | Reached skill level 3 in Fighting
  1138 | D:2      | Found a broken altar of Ashenzari.
  1149 | D:2      | Became a worshipper of Ashenzari the Shackled
  1581 | D:2      | Reached XP level 4. HP: 42/42 MP: 7/7
  2090 | D:3      | Reached XP level 5. HP: 23/50 MP: 8/8
  2190 | D:3      | Found a glowing drain.
  2194 | Sewer    | Entered a sewer
  2310 | Sewer    | Reached skill level 4 in Fighting
  2834 | Sewer    | Reached skill level 6 in Fighting
  2834 | Sewer    | Reached skill level 5 in Dodging
  2834 | Sewer    | Reached skill level 5 in Spellcasting
  2834 | Sewer    | Reached skill level 5 in Ice Magic
  2834 | Sewer    | Reached XP level 6. HP: 44/63 MP: 8/13
  2837 | Sewer    | Gained mutation: You are clumsy. (Dex -2) [potion of
                  | mutation]
  2840 | Sewer    | Reached skill level 7 in Fighting
  2840 | Sewer    | Reached XP level 7. HP: 55/72 MP: 2/14
  3993 | D:4      | Found a staircase to the Ecumenical Temple.
  4005 | D:4      | Noticed Edmund
  4012 | D:4      | Killed Edmund
  4013 | D:4      | Reached XP level 8. HP: 38/80 MP: 15/15
  4024 | Temple   | Entered the Ecumenical Temple
  4185 | Temple   | Reached skill level 5 in Stealth
  4185 | Temple   | Reached skill level 5 in Fire Magic
  4185 | Temple   | Reached skill level 5 in Air Magic
  4185 | Temple   | Reached XP level 9. HP: 86/86 MP: 15/19
  4338 | D:4      | Noticed Eustachio
  4345 | D:4      | Learned a level 4 spell: Sticky Flame
  4375 | D:5      | Entered Level 5 of the Dungeon
  5350 | D:5      | Found a white marble altar of Elyvilon.
  5678 | D:5      | Found Rellus's Weapon Shop.
  6052 | D:6      | Reached skill level 8 in Fighting
  6855 | D:7      | Found a sacrificial altar of Ru.
  6855 | D:7      | Found a glowing silver altar of Zin.
  6926 | D:7      | Reached * piety under Ashenzari
  7033 | D:7      | Found a broken altar of Ashenzari.
  7061 | D:7      | Reached XP level 10. HP: 99/99 MP: 15/22
  7062 | D:7      | Found a shimmering blue altar of Sif Muna.
  7478 | D:8      | Found a shimmering altar of Xom.
  7992 | D:8      | Found an opulent altar of Gozag.
  8294 | D:4      | Killed Eustachio
  8369 | D:4      | Identified the Atlas of the Lungs and the Coals
  8386 | D:4      | Learned a level 5 spell: Arcjolt
  8902 | D:9      | Reached skill level 9 in Fighting
  9296 | D:9      | Reached skill level 1 in Armour
  9489 | D:9      | Reached XP level 11. HP: 77/108 MP: 1/23
  9864 | D:9      | Found a snail-covered altar of Cheibriados.
  9891 | D:10     | Entered Level 10 of the Dungeon
  9912 | D:10     | Found a flagged portal.
  9921 | Bailey   | Entered a bailey
 10652 | Bailey   | Identified the +1 troll leather armour of Uskayaw's Favour
                  | {*Corrode rF+ rC+ Regen+ Stlth+}
 12179 | D:10     | Noticed a two-headed ogre
 12192 | D:10     | Reached skill level 10 in Fighting
 12210 | D:10     | Killed a two-headed ogre
 12825 | D:10     | Found a burning altar of Makhleb.
 12857 | D:10     | Found Zecw's Mass Market.
 13159 | D:11     | Identified the +2 short sword of Impatience {speed, rElec
                  | Dex+3}
 13382 | D:11     | Noticed a two-headed ogre
 13391 | D:11     | Killed a two-headed ogre
 13807 | D:12     | Reached XP level 12. HP: 115/121 MP: 14/24
 13932 | D:12     | Reached skill level 11 in Fighting
 14289 | D:11     | Found a staircase to the Lair.
 14341 | D:11     | Identified the ring of Sycvigy {rElec Will+ AC+4}
 14404 | Lair:1   | Entered Level 1 of the Lair of Beasts
 15225 | Lair:1   | Learned a level 5 spell: Freezing Cloud
 15231 | Lair:1   | Learned a level 5 spell: Borgnjor's Vile Clutch
 15591 | Lair:1   | Reached skill level 1 in Earth Magic
 15596 | Lair:1   | Reached skill level 1 in Necromancy
 15631 | Lair:1   | Paralysed by a hornet for 1 turns
 15634 | Lair:1   | Reached skill level 12 in Fighting
 15783 | Lair:1   | Reached skill level 5 in Armour
 16518 | Lair:2   | Gained mutation: You can use your snake-like lower body to
                  | constrict enemies. [Naga growth]
 16518 | Lair:2   | Reached XP level 13. HP: 124/130 MP: 4/24
 16618 | Lair:2   | Found a frozen archway.
 16663 | IceCv    | Entered an ice cave
 18559 | IceCv    | Noticed a quicksilver ooze
 18573 | IceCv    | Killed a quicksilver ooze
 18624 | IceCv    | Reached skill level 13 in Fighting
 19182 | IceCv    | Noticed an azure jelly
 19203 | IceCv    | Killed an azure jelly
 19460 | IceCv    | Found a viscous altar of Jiyva.
 19460 | IceCv    | Noticed an azure jelly
 19471 | IceCv    | Killed an azure jelly
 19603 | IceCv    | Got the ring of the Twisting Gods {rC+ Int+4}
 19608 | IceCv    | Got the ring of Cowardice {Ice Str+4 Int+3}
 20099 | Lair:2   | Identified the +3 scale mail of Losur Noqe {Slay+3}
 20310 | Lair:2   | Reached skill level 5 in Earth Magic
 20495 | Lair:2   | Reached skill level 5 in Necromancy
 20946 | Lair:3   | Found a staircase to the Swamp.
 21323 | Lair:3   | Reached XP level 14. HP: 102/145 MP: 1/26
 21328 | Lair:3   | Found a hole to the Spider Nest.
 21541 | Lair:3   | Noticed Fannar
 21553 | Lair:3   | Reached skill level 14 in Fighting
 21554 | Lair:3   | Killed Fannar
 23035 | Lair:4   | Reached skill level 10 in Fire Magic
 24059 | Lair:4   | Noticed Josephine
 24065 | Lair:4   | Killed Josephine
 24658 | Lair:5   | Entered Level 5 of the Lair of Beasts
 25336 | Lair:5   | Reached skill level 15 in Fighting
 25841 | Lair:5   | Found a corrupted altar of Lugonu.
 25841 | Lair:5   | Found a one-way gate to the infinite horrors of the Abyss.
 25991 | Lair:5   | Reached XP level 15. HP: 110/156 MP: 4/27
 26155 | Lair:5   | Found a runed translucent door.
 26156 | Lair:5   | Found a shimmering altar of Xom.
 26156 | Lair:5   | Noticed olddryhag's ghost (journeyman DsGl)
 27002 | Lair:5   | Found a viscous altar of Jiyva.
 27003 | Lair:5   | Found a staircase to the Slime Pits.
 28942 | D:12     | Found a staircase to the Orcish Mines.
 28976 | Orc:1    | Entered Level 1 of the Orcish Mines
 29333 | Orc:1    | Noticed an orc warlord
 29345 | Orc:1    | Killed an orc warlord
 29991 | Orc:2    | Entered Level 2 of the Orcish Mines
 31186 | Orc:2    | Found Wom Foy's General Store.
 31325 | Orc:2    | Found a staircase to the Elven Halls.
 31492 | Orc:2    | Noticed an orc warlord
 31501 | Orc:2    | Killed an orc warlord
 31786 | Orc:2    | Found Jyguruan's Antique Armour Boutique.
 31790 | Orc:2    | Found Abroci's Antique Weapon Shop.
 32050 | Orc:2    | Found Kobaef's General Store.
 32058 | Orc:2    | Bought a scroll of blinking for 105 gold pieces
 32724 | D:12     | Found a transporter.
 33626 | D:12     | Reached skill level 1 in Shields
 33746 | D:12     | Found a transporter.
 34564 | D:13     | Found a gate to the Vaults.
 34849 | D:13     | Noticed Urug
 34921 | D:13     | Killed Urug
 35204 | D:13     | Noticed Erolcha
 35744 | D:14     | Reached XP level 16. HP: 159/166 MP: 2/28
 36190 | D:14     | Learned a level 3 spell: Kindle Blastsparks
 36256 | D:13     | Killed Erolcha
 36595 | Swamp:1  | Entered Level 1 of the Swamp
 36607 | Swamp:1  | Noticed a tentacled monstrosity
 36615 | Swamp:1  | HP: 6/166 [acid (8)]
 37843 | D:15     | Entered Level 15 of the Dungeon
 37886 | D:15     | Found Ukleus's Weapon Boutique.
 37969 | D:15     | Found a staircase to the Depths.
 40049 | D:15     | Found a sparkling altar of Nemelex Xobeh.
 40144 | D:15     | Noticed Agnes
 40162 | D:15     | Killed Agnes
 40637 | D:15     | Reached skill level 10 in Necromancy
 41045 | Spider:1 | Entered Level 1 of the Spider Nest
 41186 | Lair:3   | Reached ** piety under Ashenzari
 41598 | Lair:3   | Reached skill level 5 in Shields
 41797 | Spider:1 | Identified the +4 hand axe "Caifolai" {chaos, SInv Stlth+}
 43286 | Spider:1 | HP: 8/166 [culicivora[a broodmother] (2)]
 43286 | Spider:1 | Slain by a redback

Illustrated notes

Levels and vault maps discovered:
D:1:      minmay_arrival_checkered_box, layout_loops_ring, serial_aquarium,
          aquarium_bridge_island_small [aquarium_subvault_small_open,
          aquarium_subvault_wall, aquarium_subvault_bridge,
          aquarium_subvault_bridge, aquarium_subvault_bridge],
          aquarium_window_2, aquarium_window_1, aquarium_window_corner,
          aquarium_window_2, aquarium_view_2f, aquarium_pool_2
D:2:      layout_loops_corners, basic_altar, wad_orctagon
D:3:      layout_rooms, gup_sewer_entry_spiral, nicolae_elevator_lobby_plus
D:4:      layout_basic, minmay_temple_entry_mist, uniq_edmund, uniq_eustachio
D:5:      minmay_inner_zag, layout_loops_corners, old_standard_altar,
          serial_shops, nicolae_shop_stone, dreamdust_gnoll_farm
D:6:      layout_cave_pools, minmay_a_box_with_orc_wizards_in_it
D:7:      layout_basic, mainiacjoe_overflow_boulevard,
          nicolae_overflow_hidden_temple, jmf_multi_god_temple
D:8:      layout_gridville, led_xom_imps, grunt_gozag_statues
D:9:      layout_cave_pools, kennysheep_mini_moat
D:10:     layout_roguey, lightli_temple_of_fire, enter_bailey_3,
          minmay_shop_mass, st_stairs_9
D:11:     layout_basic, lair_entry_dummy
D:12:     layout_long_grid, orc_0_dummy, minmay_liquid_box, nicolae_diode_stairs
D:13:     layout_loops_ring, skrybe_vaults_entry_preservation,
          kennysheep_generic_room_11, uniq_erolcha, uniq_urug
D:14:     layout_loops_cross
D:15:     hangedman_depths_entry_try_elsewhere_first, layout_irregular_city,
          nemelex_altar_shiori, serial_shops, nicolae_shop_waterfront,
          uniq_agnes
Temple:   dshaligram_water_room_temple
Lair:1:   lemuel_ratsnest, layout_loops_ring, grunt_forest_small_clearings,
          dreamdust_wasp_nest
Lair:2:   layout_hall_layers, portal_ice_cave_demonic_guard, serial_bayou_pond_c
Lair:3:   layout_long_grid, swamp_mist_pool, spider_nest_entry_rubble,
          uniq_fannar
Lair:4:   layout_small_grid, minmay_lair_oklob_bushes, minivault_25,
          uniq_josephine
Lair:5:   hellmonk_lair_end_abyssal_woods, layout_concentric_octagons,
          nicolae_slime_entry_slimehenge, ebering_ghost_xom, st_stairs_13,
          minmay_hedge_maze, grunt_megastairs_4
Swamp:1:  layout_basic_swamp, hangedman_swamp_ruin_wall
Spider:1: layout_spider_delve, nicolae_spider_not_touching_you
Spider:2: layout_spider_delve, drop_trap, nicolae_spider_circle_web
Orc:1:    layout_diamond_mine, basic_altar
Orc:2:    grunt_orc_community_town_hall, layout_caves,
          grunt_orc_community_big_house_2, grunt_orc_community_big_house_1,
          grunt_orc_community_house_3, grunt_orc_community_house_2,
          grunt_orc_community_house_1, grunt_orc_community_house_2,
          grunt_orc_community_house_2, grunt_orc_community_house_2,
          minmay_orc_temple_a

Skill      XL: |  1  2  3  4  5  6  7  8  9 10 11 12 13 14 15 16 |
---------------+-------------------------------------------------+-----
Dodging        | 2 3 5 6 7 |  7.6
Fighting       | 3 6 7 8 9 10 12 13 15 | 15.6
Spellcasting   | 5 7 |  7.5
Conjurations   | 6 |  6.0
Ice Magic      | 5 |  5.0
Stealth        | 5 |  5.5
Fire Magic     | 5 7 8 9 10 12 14 | 14.3
Air Magic      | 5 7 |  7.7
Armour         | 1 3 5 6 7 8 |  8.2
Earth Magic    | 2 5 7 8 |  8.0
Necromancy     | 2 5 7 9 10 | 10.0
Shields        | 2 5 |  5.3
Axes           | |  3.0

Action                   |  1- 3 |  4- 6 |  7- 9 | 10-12 | 13-15 | 16-18 || total
-------------------------+-------+-------+-------+-------+-------+-------++-------
Melee: Hand axe          |    11 |       |       |       |       |       ||    11
       Flail             |   103 |   167 |   268 |   306 |   558 |   242 ||  1644
       Punch             |     2 |     2 |     4 |     1 |    11 |       ||    20
       Constrict         |       |       |       |       |   115 |    36 ||   151
       Short sword       |       |       |       |       |       |    10 ||    10
Throw: Dart              |       |       |       |     2 |       |       ||     2
 Cast: Hailstorm         |       |     2 |    44 |   150 |    17 |     4 ||   217
       Arcjolt           |       |       |       |    52 |    13 |     8 ||    73
       Sticky Flame      |       |       |       |    24 |    87 |    11 ||   122
       Freezing Cloud    |       |       |       |    11 |   128 |    23 ||   162
       Borgnjor's Vile C |       |       |       |       |    85 |    61 ||   146
       Kindle Blastspark |       |       |       |       |       |     1 ||     1
Invok: Curse Item        |       |       |     2 |       |     1 |     1 ||     4
       Shatter the Chain |       |       |       |     1 |       |       ||     1
 Abil: Spit Poison       |     6 |    23 |    18 |    42 |    28 |    12 ||   129
Evoke: Wand              |       |     2 |     4 |    24 |    19 |    18 ||    67
  Use: Potion            |       |     5 |     1 |     3 |     9 |    15 ||    33
       Scroll            |       |       |    13 |     5 |     7 |    11 ||    36
 Stab: Sleeping          |       |       |     3 |       |     1 |       ||     4
       Paralysed         |       |       |       |    15 |     5 |       ||    20
       Distracted        |       |       |       |     1 |       |       ||     1
       Invisible         |       |       |       |       |     3 |       ||     3
       Petrified         |       |       |       |       |     1 |       ||     1
Armor: Leather armour    |    43 |   122 |   142 |   205 |     7 |       ||   519
       Skin              |       |    16 |   159 |       |       |       ||   175
       Ring mail         |       |       |       |       |   411 |   341 ||   752
Dodge: Dodged            |    74 |   145 |   174 |   395 |   325 |   189 ||  1302
Block: Other             |       |       |       |    80 |   131 |       ||   211
       Kite shield       |       |       |       |       |    52 |   338 ||   390
       Reflection        |       |       |       |       |     8 |     5 ||    13

Table legend: (Time is in decaauts)
 A = Elapsed time spent in this place.
 B = Non-inter-level travel time spent in this place.
 C = Inter-level travel time spent in this place.
 D = Time resting spent in this place.
 E = Time spent auto-exploring this place.
 F = Levels seen in this place.
 G = Mean time per level.
                   A        B        C        D        E       F      G
               +--------+--------+--------+--------+--------+-----+--------+
         Total |  51560 |  47743 |   3817 |  15407 |  21617 |  29 | 1777.9 |
       Dungeon |  24632 |  22262 |   2370 |   4943 |  12853 |  15 | 1642.1 |
        Temple |    200 |    183 |     17 |      0 |    168 |   1 |  200.0 |
          Lair |  14432 |  13192 |   1240 |   4694 |   6044 |   5 | 2886.4 |
         Swamp |     22 |     22 |      0 |      0 |      0 |   1 |   22.0 |
   Spider Nest |   1794 |   1794 |      0 |    687 |    661 |   2 |  897.0 |
  Orcish Mines |   4097 |   3909 |    188 |   1402 |   1601 |   2 | 2048.5 |
         Sewer |   1038 |   1038 |      0 |    370 |     21 |   1 | 1038.0 |
        Bailey |   2062 |   2062 |      0 |   1181 |    203 |   1 | 2062.0 |
      Ice Cave |   3280 |   3280 |      0 |   2128 |     64 |   1 | 3280.0 |
               +--------+--------+--------+--------+--------+-----+--------+

Top non-repeatable levels by time:
  Lair:5: 3972 daAuts
  Lair:3: 3302 daAuts
   IceCv: 3280 daAuts
  Lair:1: 2784 daAuts
    D:11: 2739 daAuts
    D:15: 2730 daAuts
  Lair:4: 2672 daAuts
   Orc:2: 2530 daAuts
    D:13: 2356 daAuts
    D:14: 2141 daAuts
     D:5: 2082 daAuts
  Bailey: 2062 daAuts
    D:12: 1830 daAuts
  Lair:2: 1700 daAuts
   Orc:1: 1566 daAuts
